 Dungeon Crawl Stone Soup version 0.31-a0-202-g547052bce9 (webtiles) character file.

Game seed: 2267793396035711131

54 qw the Shooter (level 3, -2/20 HPs)
             Began as a Deep Elf Hunter on June 26, 2023.
             Slain by an ogre
             ... wielding a +0 giant club
              (19 damage)
             ... on level 3 of the Dungeon.
             The game lasted 00:00:24 (1352 turns).

qw the Shooter (Deep Elf Hunter)                    Turns: 1352, Time: 00:00:24

Health: -2/20      AC:  5    Str:  7 (10) XL:     3   Next: 66%
Magic:  5/5        EV: 10    Int: 10 (13) God:
Gold:   115        SH:  0    Dex: 15 (18) Spells: 2/2 levels left

rFire   . . .        Y - +0 shortbow
rCold   . . .        (shield currently unavailable)
rNeg    . . .        b - +0 ring mail
rPois   .            (no helmet)
rElec   .            (no cloak)
rCorr   .            (no gloves)
SInv    +            (no boots)
Will    .....        (no amulet)
Stlth   +            f - ring of see invisible
HPRegen 0.23/turn    (no ring)
MPRegen 0.09/turn

%: no passive effects
@: no status effects
A: no striking features
a: no special abilities


You were on level 3 of the Dungeon.
You visited 1 branch of the dungeon, and saw 3 of its levels.

You collected 115 gold pieces.


   Skills:
 - Level 1.5 Fighting
 + Level 7.2 Ranged Weapons
 - Level 2.4 Dodging
 - Level 1.2 Stealth


You had 2 spell levels left.
You didn't know any spells.
Your spell library was empty.

Inventory:

Hand Weapons
 Y - a +0 shortbow (weapon)
Armour
 b - a +0 ring mail (worn)
Jewellery
 f - a ring of see invisible (left hand)
Scrolls
 e - 2 scrolls of identify
Potions
 g - a potion of haste {unknown}

Dungeon Overview and Level Annotations

Branches:
Dungeon (3/15)

Altars:


Message History

The goblin is moderately wounded.
The goblin closely misses you.
You shoot an arrow. The arrow closely misses the goblin.
The arrow hits the goblin but does no damage.
The goblin is moderately wounded.
The goblin closely misses you. The goblin hits you but does no damage.
You shoot an arrow. The arrow closely misses the goblin.
The arrow barely misses the goblin.
The arrow hits the ogre.
The ogre is moderately wounded.
The goblin hits you with a +0 dagger.
You shoot an arrow. The arrow hits the goblin.
You kill the goblin!
You shoot an arrow. The arrow barely misses the goblin.
The arrow hits the goblin.
You kill the goblin!
The goblin closely misses you.
You shoot an arrow. The arrow barely misses the goblin.
The arrow hits the goblin!
You kill the goblin!
The goblin closely misses you.
You shoot an arrow. The arrow closely misses the goblin.
The arrow barely misses the goblin.
The arrow hits the goblin.
The goblin is severely wounded.
The goblin closely misses you. The goblin hits you but does no damage.
You shoot an arrow. The arrow closely misses the goblin.
The arrow barely misses the goblin.
The arrow hits the goblin!
You kill the goblin!
The goblin hits you but does no damage.
You shoot an arrow. The arrow completely misses the goblin.
The arrow closely misses the goblin.
The arrow hits the goblin.
You kill the goblin!
The goblin hits you with a +0 club.
You shoot an arrow. The arrow barely misses the goblin.
The arrow closely misses the goblin.
The goblin hits you but does no damage.
You shoot an arrow. The arrow hits the goblin.
You kill the goblin!
The ogre hits you with a +0 giant club!!
Ouch! That really hurt!
You die...

......####### ##
......'.....##..
......#####.##.#
.......##...##.#
###....##.####.#
.......+.....#.#
###....##.#.##.##
###
#....##.#.....##g.(#
#....##.......@Og).#
#....########.##...#
###### ###.#######
#.........#
#.#.####### #.#.#
#.#.# #.#.# #.#.#


You could see an ogre and 2 goblins.

Vanquished Creatures
  A gnoll (D:1)
  An adder (D:2)
  A worm (D:2)
  6 ball pythons
  5 endoplasms
  7 goblins
  2 hobgoblins
  2 quokkas (D:2)
  3 frilled lizards
  2 kobolds (D:2)
  3 rats
33 creatures vanquished.

Notes
Turn   | Place    | Note
-------+----------+-------------------------------------------
     0 | D:1      | qw the Deep Elf Hunter began the quest for the Orb.
     0 | D:1      | Reached XP level 1. HP: 12/12 MP: 3/3
     0 | D:1      | 0 ||| qw: Version: 0.3-a-22-g0ed2b0b
     0 | D:1      | 0 ||| qw: Game counter: 5884
     0 | D:1      | 0 ||| qw: Melee chars always use a shield: true
     0 | D:1      | 0 ||| qw: God list: Okawaru
     0 | D:1      | 0 ||| qw: Allow faded altars: false
     0 | D:1      | 0 ||| qw: Do Orc after clearing Dungeon:15 true
     0 | D:1      | 0 ||| qw: Do second Lair branch before Depths: true
     0 | D:1      | 0 ||| qw: Lair rune preference: random
     0 | D:1      | 0 ||| qw: Goals: Normal
     0 | D:1      | 0 ||| PLANNING D:1-11
    29 | D:1      | Reached skill level 6 in Ranged Weapons
    29 | D:1      | Reached XP level 2. HP: 16/16 MP: 4/4
   589 | D:1      | 589 ||| READING scroll labelled CASUME TELOPP.
   590 | D:1      | 590 ||| READING 2 scrolls labelled FOKOUL NETIETESCH.
   591 | D:1      | 591 ||| READING scroll labelled YSUOGO ILENA.
   592 | D:1      | 592 ||| READING scroll labelled LEESKYOGUWK.
   593 | D:1      | 593 ||| DROPPING scroll of butterflies.
   758 | D:2      | Reached XP level 3. HP: 20/20 MP: 5/5
  1038 | D:2      | Reached skill level 7 in Ranged Weapons
  1205 | D:2      | 1205 ||| UPGRADING to +0 ring mail.
  1215 | D:2      | 1215 ||| DROPPING +0 leather armour.
  1216 | D:2      | 1216 ||| UPGRADING to ring of see invisible.
  1217 | D:2      | 1217 ||| READING scroll labelled LYETORAGGONUI.
  1218 | D:2      | 1218 ||| DRINKING 2 grey potions.
  1219 | D:2      | 1219 ||| DROPPING potion of degeneration.
  1341 | D:3      | Noticed an ogre
  1352 | D:3      | Slain by an ogre

Levels and vault maps discovered:
D:1:      amcnicky_arrival_flooded_fountain, layout_loops_ring
D:2:      layout_basic, chequers_serial_rivers_micro_c
D:3:      layout_basic, marbit_many_paths, nicolae_overflow_hidden_temple,
          mainiacjoe_overflow_catch_the_wave, minmay_ogre_servants, uniq_jessica

Skill      XL: |  1  2  3 |
---------------+----------+-----
Ranged Weapons | 6 7 |  7.2
Fighting       | |  1.5
Dodging        | |  2.4
Stealth        | |  1.2

Action                     || total
---------------------------++-------
   Fire: Shortbow          ||    79
    Use: Scroll            ||     5
         Potion            ||     1
 Armour: Ring mail         ||     4
         Leather armour    ||     1
  Dodge: Dodged            ||    14

Table legend:
 A = Non-vault XP
 B = Vault XP
 C = Vault XP percentage of total XP
 D = Non-vault monster count
 E = Vault monster count
 F = Vault count percentage of total count
                 A         B        C        D         E       F
            +---------+---------+-------+---------+---------+-------
      Total |      69 |      10 |  12.7 |      27 |       6 |  18.2
            +---------+---------+-------+---------+---------+-------
        D:1 |      27 |       0 |   0.0 |       9 |       0 |   0.0
        D:2 |      40 |       0 |   0.0 |      17 |       0 |   0.0
        D:3 |       2 |      10 |  83.3 |       1 |       6 |  85.7
            +---------+---------+-------+---------+---------+-------
